 Dungeon Crawl Stone Soup version 0.21.1-1-g345015f (webtiles) character file.

112 goulibeur the Distorting Demonspawn (level 4, -1/36 HPs)
             Began as a Demonspawn Abyssal Knight on July 3, 2018.
             Was a Believer of Lugonu.
             Slain by RottenKnight's ghost (5 damage)
             ... on level 3 of the Dungeon.
             The game lasted 00:09:59 (2793 turns).

goulibeur the Distorting Demonspawn (DsAK)          Turns: 2793, Time: 00:10:00

Health: -1/36      AC:  4    Str: 12    XL:     4   Next: 64%
Magic:  7/7        EV: 12    Int: 13    God:    Lugonu [**....]
Gold:   54         SH:  0    Dex: 14    Spells: 3/3 levels left

rFire    . . .     SeeInvis .   a - +1 short sword
rCold    . . .     Gourm    .   (no shield)
rNeg     . . .     Faith    .   b - +0 leather armour
rPois    .         Spirit   .   (no helmet)
rElec    .         Reflect  .   l - +0 cloak (curse)
rCorr    +         Harm     .   (no gloves)
MR       .....                  (no boots)
Stlth    +.........             j - amulet of regeneration
HPRegen  0.52/turn              p - ring of resist corrosion
MPRegen  0.10/turn              q - +2 ring of slaying

@: no status effects
A: hooves 1
a: Depart the Abyss, Bend Space, Renounce Religion


You were on level 3 of the Dungeon.
You worshipped Lugonu.
Lugonu was pleased with you.
You were not hungry.

You visited 1 branch of the dungeon, and saw 3 of its levels.
You visited the Abyss 1 time.

You collected 54 gold pieces.

Inventory:

Hand Weapons
 a - a +1 short sword (weapon)
Armour
 b - a +0 leather armour (worn)
 l - a cursed +0 cloak (worn)
Jewellery
 g - an uncursed ring of stealth
 j - an amulet of regeneration (around neck)
 m - an uncursed ring of teleportation
 n - a -2 ring of evasion
 p - a ring of resist corrosion (left hand)
 q - a +2 ring of slaying (right hand)
Potions
 d - a potion of ambrosia
 f - a potion of magic
 h - 2 potions of berserk rage {unknown}
 i - a potion of might {unknown}
Books
 e - a book of Minor Magic

   Spells                             Type                      Level
   a - Magic Dart                     Conjuration                  1
   b - Blink                          Translocation                2
   c - Call Imp                       Summoning                    2
   d - Slow                           Hexes                        2
   e - Conjure Flame                  Conjuration/Fire             3
   f - Mephitic Cloud                 Conjuration/Poison/Air       3
Comestibles
 c - 5 rations


   Skills:
 + Level 3.6 Fighting
 - Level 1.7 Short Blades
 + Level 2.4 Armour
 + Level 1.9 Dodging
 * Level 4.4 Invocations


You had 3 spell levels left.
You didn't know any spells.

Dungeon Overview and Level Annotations

Branches:
Dungeon (3/15)

Altars:
Okawaru
Ru
Trog

Annotations:
D:3 RottenKnight's ghost, amateur DrCj


Innate Abilities, Weirdness & Mutations

You have large cloven feet.


Message History

RottenKnight's ghost is moderately damaged.
RottenKnight's ghost hits you.
You barely miss RottenKnight's ghost.
RottenKnight's ghost is moderately damaged.
RottenKnight's ghost says, "They lied to you.
The Dungeon just goes down and down forever."
RottenKnight's ghost points at you and mumbles some strange words.
The magic dart hits you!
You hit RottenKnight's ghost.
You kick RottenKnight's ghost, but do no damage.
RottenKnight's ghost is moderately damaged.
RottenKnight's ghost gestures at you while chanting.
The magic dart hits you!
* * * LOW HITPOINT WARNING * * *
You hit RottenKnight's ghost.
RottenKnight's ghost is moderately damaged.
RottenKnight's ghost points at you and mumbles some strange words.
The magic dart hits you!
* * * LOW HITPOINT WARNING * * *
RottenKnight's ghost hits you.
You die...

####### ..>###...## #########
#..### #.##.......# # ###.###.
#..#....)..# .. ###...##..
#.#.......###.. ##...#.#...
####............ ######..###.#..#
...##.........####......####.##..
...##........###.†.###### #..##..
#.............)W@### #......
..............#### #.#####
#....#........# ..(
..#...#####...## .....
.####...##.....# ...... .#
###....#....... .....( ##
####....##### ...... ..##.#
#####.#


You could see RottenKnight's ghost.

Vanquished Creatures
  4 adders
  5 worms (D:2)
  A dart slug (D:1)
  An orc (D:3)
  3 bats
  3 giant cockroaches
  8 goblins
  7 hobgoblins
  7 jackals
  6 ball pythons
  2 frilled lizards
  4 kobolds
  7 rats
58 creatures vanquished.

Notes
Turn   | Place    | Note
-------+----------+-------------------------------------------
     0 | Abyss:1  | goulibeur the Demonspawn Abyssal Knight began the quest for the Orb.
     0 | Abyss:1  | Reached XP level 1. HP: 18/18 MP: 2/2
    79 | Abyss:1  | Noticed an orange demon
    80 | D:1      | Escaped the Abyss
   116 | D:1      | Reached skill level 1 in Dodging
   123 | D:1      | Reached skill level 3 in Invocations
   123 | D:1      | Gained mutation: You have large cloven feet. [demonic ancestry]
   123 | D:1      | Reached XP level 2. HP: 8/24 MP: 2/4
   472 | D:1      | Reached * piety under Lugonu
   646 | D:1      | Reached XP level 3. HP: 29/29 MP: 5/5
  1136 | D:2      | Found a sacrificial altar of Ru.
  1564 | D:2      | Found an iron altar of Okawaru.
  1783 | D:2      | Reached skill level 4 in Invocations
  1873 | D:2      | Noticed a moth of wrath
  1876 | D:2      | Found a bloodstained altar of Trog.
  1888 | D:2      | Reached XP level 4. HP: 32/35 MP: 7/7
  2108 | D:2      | Reached ** piety under Lugonu
  2576 | D:3      | Noticed RottenKnight's ghost (amateur DrCj)
  2793 | D:3      | Slain by RottenKnight's ghost

Skill      XL: |  1  2  3 |
---------------+----------+-----
Dodging        | 1 |  1.9
Armour         | 2 |  2.4
Invocations    | 3 4 |  4.4
Fighting       | |  3.6
Short Blades   | |  1.7

Action                   |  1- 3 |  4- 6 || total
-------------------------+-------+-------++-------
Melee: Short sword       |   119 |    96 ||   215
       Kick              |    20 |    28 ||    48
Invok: Depart the Abyss  |     1 |       ||     1
  Use: Scroll            |       |     6 ||     6
  Eat: Chunk             |     3 |     3 ||     6
Armor: Leather armour    |    27 |    21 ||    48
Dodge: Dodged            |    71 |    36 ||   107
